Devils vs Flyers
Created - February 16, 2022 at 23:17
Goals
|
| Devils |
0 |
1 |
0 |
1 |
| Flyers |
0 |
3 |
0 |
3 |
|
Shots
|
| Devils |
6 |
14 |
3 |
23 |
| Flyers |
19 |
13 |
2 |
34 |
|
1st period
No Goal
Penalties :
Nazem Kadri (N.J) for Interference (Minor) at 18:19
2nd period
1. Flyers , Chris Mcallister 4 (Jeff Woywitka 14, Marcus Kruger 10) at 0:36
2. Devils , Nazem Kadri 15 (Tyler Ennis 22) at 2:26 (PP)
3. Flyers , Jordan Nolan 11 (Jeff Woywitka 15, Jakub Voracek 19) at 3:49
4. Flyers , Brock Nelson 4 (Matthew Lombardi 2) at 16:15
Penalties :
Jakub Voracek (Phi) for Interference (Minor) at 1:20
3rd period
No Goal
Penalties :
Aleksander Barkov (N.J) for Tripping (Minor) at 4:15, Chris Mcallister (Phi) for Roughing (Minor) at 10:25, Jakub Voracek (Phi) for Slashing (Double Minor) at 13:40
Goalie Stats
Maxime Daigneault (N.J), 31 saves from 34 shots - (0.912), L, 15-9-2, 60:00 minutes
Ilya Sorokin (Phi), 22 saves from 23 shots - (0.957), W, 5-2-1, 60:00 minutes
Players Stats for Devils
Player Name G A P +/- PIM S H SB GA TA FO MP PP MP PK MP
------------------------------------------------------------------------------------
Aleksander Barkov 0 0 0 0 2 1 0 0 1 0 6/19 16:16 2:58 0:00
Anton Lander 0 0 0 -1 0 1 1 1 0 0 0/4 11:32 0:10 1:08
Anton Stralman 0 0 0 -2 0 0 3 1 0 0 0/0 21:53 2:23 2:03
Brian McGrattan 0 0 0 -1 0 3 0 0 0 0 2/4 13:43 0:39 1:08
Chris Stewart 0 0 0 -1 0 2 1 0 0 1 0/0 17:12 3:16 0:00
Eric Tangradi 0 0 0 -1 0 1 2 1 0 0 0/0 10:44 0:19 0:00
Jamie Arniel 0 0 0 -1 0 0 1 0 0 0 5/15 14:39 0:40 2:50
Jonathan Huberdeau 0 0 0 -1 0 3 0 0 0 0 1/1 14:24 2:58 0:00
Kristopher Letang 0 0 0 -1 0 1 2 1 0 0 0/0 22:29 3:36 0:03
Marian Gaborik 0 0 0 0 0 3 2 0 1 0 0/2 16:19 2:58 0:00
Mark Fistric 0 0 0 -1 0 0 0 4 0 0 0/0 19:21 1:05 2:14
Matt Donovan 0 0 0 -1 0 2 0 1 1 0 0/0 15:55 1:05 1:52
Michael Del Zotto 0 0 0 0 0 1 0 1 1 2 0/0 22:09 3:36 0:00
Miikka Salomaki 0 0 0 -1 0 0 0 0 0 0 0/1 9:33 0:00 0:00
Nazem Kadri 1 0 1 -1 2 1 1 0 1 0 3/9 17:14 3:16 0:00
Thomas Hickey 0 0 0 -1 0 1 0 1 0 0 0/0 18:13 2:23 1:44
Tyler Ennis 0 1 1 -1 0 2 0 1 0 0 0/0 17:12 3:15 0:00
Zach Parise 0 0 0 0 0 1 1 0 0 1 0/0 17:12 0:43 2:50
Players Stats for Flyers
Player Name G A P +/- PIM S H SB GA TA FO MP PP MP PK MP
------------------------------------------------------------------------------------
Brian Lashoff 0 0 0 0 0 0 1 1 1 1 0/0 13:35 0:00 0:09
Brock Nelson 1 0 1 1 0 1 0 0 0 0 0/0 9:58 0:00 1:47
Chris Mcallister 1 0 1 1 2 3 3 0 0 0 0/0 12:08 0:00 1:40
Drew Miller 0 0 0 0 0 5 0 0 0 0 1/1 16:20 1:23 0:26
J.T. Miller 0 0 0 1 0 3 4 0 0 0 5/6 21:44 2:25 3:40
Jacob Trouba 0 0 0 2 0 2 0 2 0 2 0/0 27:13 2:02 3:32
Jakub Voracek 0 1 1 1 6 3 0 0 0 0 0/0 18:37 2:25 0:15
Jeff Carter 0 0 0 0 0 1 2 0 0 0 7/11 17:54 1:23 2:20
Jeff Woywitka 0 2 2 2 0 1 0 4 1 0 0/0 27:13 2:02 3:32
Jonathan Ericsson 0 0 0 0 0 0 1 1 0 1 0/0 13:35 0:00 0:09
Jordan Nolan 1 0 1 1 0 4 1 1 0 0 18/26 21:39 2:20 3:36
Marcus Kruger 0 1 1 1 0 2 0 0 1 0 1/1 11:09 0:10 0:00
Matt Smaby 0 0 0 1 0 1 1 2 0 0 0/0 19:12 1:56 3:23
Matthew Lombardi 0 1 1 1 0 1 0 0 0 0 1/1 8:13 0:00 0:24
Nathan Beaulieu 0 0 0 1 0 4 3 2 0 0 0/0 19:12 1:56 3:23
Niclas Bergfors 0 0 0 0 0 1 1 1 0 0 2/2 16:04 1:23 0:00
Travis Zajac 0 0 0 1 0 2 1 1 0 1 3/7 11:20 0:25 0:00
Tyler Randell 0 0 0 1 0 0 1 0 1 0 0/0 7:47 0:00 0:00
3 Stars
1 - Jeff Woywitka (Phi)
2 - Jordan Nolan (Phi)
3 - Ilya Sorokin (Phi)
Power Play
Devils - 1 on 4 Attempt(s) - 25.00%
Flyers - 0 on 2 Attempt(s) - 0.00%
Penalty Kill
Devils - 2 on 2 Attempt(s) - 100.00%
- Score 0 goal in Penalty Kill
Flyers - 3 on 4 Attempt(s) - 75.00%
- Score 0 goal in Penalty Kill
Team Stat
Devils - Hits : 14 - Faceoff Wins : 17 - Blocked Shots : 12 - Penalty Minutes : 4
Flyers - Hits : 19 - Faceoff Wins : 38 - Blocked Shots : 15 - Penalty Minutes : 8
Official
Referees : Graham Skilliter and Justin St. Pierre
Linesman : Kyle Flemington and Ryan Galloway
Game Notes
No Game Note
Finance
Level 1 -- Attendance: 3759 (62.65%) -- Ticket Income $469,875
Level 2 -- Attendance: 3689 (73.78%) -- Ticket Income $276,675
Level 3 -- Attendance: 1215 (60.75%) -- Ticket Income $60,750
Level 4 -- Attendance: 2363 (59.08%) -- Ticket Income $94,520
Luxury Box -- Attendance: 696 (69.60%) -- Ticket Income $174,000
Game was played at the Wells Fargo Center.
Total Attendance: 11722 (65.12%)
Total Ticket Income: $1,075,820
Other Income: $161,373
Total Income: $1,237,193
Devils
5 vs 5 Forward
Center Left Wing Right Wing Time % Phy DF OF
1 Nazem Kadri Tyler Ennis Chris Stewart 32 0 2 3
2 Aleksander Barkov Zach Parise Marian Gaborik 30 0 2 3
3 Jamie Arniel Jonathan Huberdeau Brian McGrattan 28 0 2 3
4 Anton Lander Eric Tangradi Miikka Salomaki 10 0 2 3
5 vs 5 Defense
Defense Defense Time % Phy DF OF
1 Anton Stralman Kristopher Letang 36 0 3 2
2 Michael Del Zotto Mark Fistric 34 0 3 2
3 Matt Donovan Thomas Hickey 26 0 3 2
4 Michael Del Zotto Kristopher Letang 4 1 2 2
PowerPlay Forward
Center Left Wing Right Wing Time % Phy DF OF
1 Nazem Kadri Tyler Ennis Chris Stewart 60 0 1 4
2 Aleksander Barkov Jonathan Huberdeau Marian Gaborik 40 0 1 4
PowerPlay Defense
Defense Defense Time % Phy DF OF
1 Michael Del Zotto Kristopher Letang 60 0 2 3
2 Anton Stralman Thomas Hickey 40 0 2 3
Penalty Kill 4 Players Forward
Center Wing Time % Phy DF OF
1 Jamie Arniel Zach Parise 60 1 4 0
2 Anton Lander Brian McGrattan 40 1 4 0
Penalty Kill 4 Players Defense
Defense Defense Time % Phy DF OF
1 Anton Stralman Mark Fistric 60 1 4 0
2 Thomas Hickey Matt Donovan 40 1 4 0
Penalty Kill - 3 Players Forward
Forward Time % Phy DF OF
1 Tyler Ennis 60 0 4 1
2 Jamie Arniel 40 0 4 1
Penalty Kill - 3 Players Defense
Defense Defense Time % Phy DF OF
1 Anton Stralman Kristopher Letang 60 1 4 0
2 Michael Del Zotto Mark Fistric 40 1 4 0
4 vs 4 Forward
Center Wing Time % Phy DF OF
1 Nazem Kadri Tyler Ennis 60 0 2 3
2 Jamie Arniel Zach Parise 40 0 2 3
4 vs 4 Defense
Defense Defense Time % Phy DF OF
1 Anton Stralman Kristopher Letang 60 0 3 2
2 Michael Del Zotto Mark Fistric 40 0 3 2
Last Minutes Offensive
Center Left Wing Right Wing Defense Defense
Nazem Kadri Tyler Ennis Marian Gaborik Michael Del Zotto Kristopher Letang
Last Minutes Defensive
Center Left Wing Right Wing Defense Defense
Jamie Arniel Zach Parise Brian McGrattan Anton Stralman Mark Fistric
Goaltenders
Starting : Maxime Daigneault
Backup : Thomas McCollum
Extra Forwards
Normal : Jonathan Huberdeau, Zach Parise, Aleksander Barkov - PP : Zach Parise, Jamie Arniel - PK : Tyler Ennis
Extra Defensemen
Normal : Kristopher Letang, Matt Donovan, Mark Fistric - PP : Anton Stralman - PK : Kristopher Letang, Matt Donovan
Penalty Shots
Nazem Kadri, Tyler Ennis, Marian Gaborik, Chris Stewart, Jamie Arniel
Scratches
Mike Weber (Healthy)
Flyers
5 vs 5 Forward
Center Left Wing Right Wing Time % Phy DF OF
1 Jordan Nolan J.T. Miller Jakub Voracek 40 1 2 2
2 Jeff Carter Drew Miller Niclas Bergfors 30 1 2 2
3 Travis Zajac Chris Mcallister Marcus Kruger 20 1 2 2
4 Matthew Lombardi Brock Nelson Tyler Randell 10 1 2 2
5 vs 5 Defense
Defense Defense Time % Phy DF OF
1 Jacob Trouba Jeff Woywitka 40 1 2 2
2 Matt Smaby Nathan Beaulieu 30 1 2 2
3 Jonathan Ericsson Brian Lashoff 20 1 2 2
4 Jacob Trouba Jeff Woywitka 10 1 2 2
PowerPlay Forward
Center Left Wing Right Wing Time % Phy DF OF
1 Jordan Nolan J.T. Miller Jakub Voracek 60 1 2 2
2 Jeff Carter Drew Miller Niclas Bergfors 40 1 2 2
PowerPlay Defense
Defense Defense Time % Phy DF OF
1 Jacob Trouba Jeff Woywitka 60 1 2 2
2 Matt Smaby Nathan Beaulieu 40 1 2 2
Penalty Kill 4 Players Forward
Center Wing Time % Phy DF OF
1 J.T. Miller Jordan Nolan 60 1 2 2
2 Jeff Carter Jakub Voracek 40 1 2 2
Penalty Kill 4 Players Defense
Defense Defense Time % Phy DF OF
1 Jacob Trouba Jeff Woywitka 60 1 2 2
2 Matt Smaby Nathan Beaulieu 40 1 2 2
Penalty Kill - 3 Players Forward
Forward Time % Phy DF OF
1 J.T. Miller 60 1 2 2
2 Jordan Nolan 40 1 2 2
Penalty Kill - 3 Players Defense
Defense Defense Time % Phy DF OF
1 Jacob Trouba Jeff Woywitka 60 1 2 2
2 Matt Smaby Nathan Beaulieu 40 1 2 2
4 vs 4 Forward
Center Wing Time % Phy DF OF
1 J.T. Miller Jordan Nolan 60 1 2 2
2 Jeff Carter Jakub Voracek 40 1 2 2
4 vs 4 Defense
Defense Defense Time % Phy DF OF
1 Jacob Trouba Jeff Woywitka 60 1 2 2
2 Matt Smaby Nathan Beaulieu 40 1 2 2
Last Minutes Offensive
Center Left Wing Right Wing Defense Defense
Jordan Nolan J.T. Miller Jakub Voracek Jacob Trouba Jeff Woywitka
Last Minutes Defensive
Center Left Wing Right Wing Defense Defense
Jordan Nolan J.T. Miller Jakub Voracek Jacob Trouba Jeff Woywitka
Goaltenders
Starting : Ilya Sorokin
Backup : Steve Mason
Extra Forwards
Normal : Travis Zajac, Marcus Kruger, Chris Mcallister - PP : Travis Zajac, Marcus Kruger - PK : Chris Mcallister
Extra Defensemen
Normal : Jonathan Ericsson, Brian Lashoff, Matt Smaby - PP : Jonathan Ericsson - PK : Brian Lashoff, Matt Smaby
Penalty Shots
J.T. Miller, Jordan Nolan, Jeff Carter, Jakub Voracek, Drew Miller
Scratches
Dylan Olsen (Healthy), Tomas Kubalik (Healthy)
% Time on Ice - Devils
Lines # - Real PCT - Wanted PCT - Time Play
Normal Forward
1 - 30% - 32% - 14:27
2 - 29% - 30% - 13:59
3 - 23% - 28% - 11:04
4 - 19% - 10% - 9:28
Normal Defense
1 - 33% - 36% - 15:56
2 - 35% - 34% - 17:01
3 - 26% - 26% - 12:42
4 - 7% - 4% - 3:19
PP Forward
1 - 53% - 60% - 3:46
2 - 47% - 40% - 3:18
PP Defense
1 - 66% - 60% - 4:41
2 - 34% - 40% - 2:23
PK Forward
1 - 71% - 60% - 2:50
2 - 29% - 40% - 1:08
PK Defense
1 - 56% - 60% - 2:14
2 - 44% - 40% - 1:44
PK3 Forward
1 - 0% - 60%
2 - 0% - 40%
PK3 Defense
1 - 0% - 60%
2 - 0% - 40%
44 Forward
1 - 0% - 60%
2 - 0% - 40%
44 Defense
1 - 0% - 60%
2 - 0% - 40%
Last Minute Offensive - 0:00
Last Minute Defensive - 0:00
Total
Forward - 60:00
Defense - 60:00
|
% Time on Ice - Flyers
Lines # - Real PCT - Wanted PCT - Time Play
Normal Forward
1 - 33% - 40% - 16:18
2 - 30% - 30% - 14:48
3 - 21% - 20% - 10:05
4 - 16% - 10% - 7:47
Normal Defense
1 - 38% - 40% - 18:27
2 - 28% - 30% - 13:53
3 - 27% - 20% - 13:24
4 - 7% - 10% - 3:14
PP Forward
1 - 65% - 60% - 2:35
2 - 35% - 40% - 1:23
PP Defense
1 - 51% - 60% - 2:02
2 - 49% - 40% - 1:56
PK Forward
1 - 74% - 60% - 5:13
2 - 26% - 40% - 1:51
PK Defense
1 - 52% - 60% - 3:41
2 - 48% - 40% - 3:23
PK3 Forward
1 - 0% - 60%
2 - 0% - 40%
PK3 Defense
1 - 0% - 60%
2 - 0% - 40%
44 Forward
1 - 0% - 60%
2 - 0% - 40%
44 Defense
1 - 0% - 60%
2 - 0% - 40%
Last Minute Offensive - 0:00
Last Minute Defensive - 0:00
Total
Forward - 60:00
Defense - 60:00
|
Play-by-Play
1st period
0:01 of 1st period - J.T. Miller wins face-off versus Nazem Kadri in neutral zone.
0:06 of 1st period - Wrist shot by Tyler Ennis.
0:06 of 1st period - Shot Blocked by Jordan Nolan.
0:49 of 1st period - Wrist shot by Travis Zajac.
0:49 of 1st period - Stopped by Maxime Daigneault without a rebound.
0:50 of 1st period - Brian McGrattan wins face-off versus Travis Zajac in Devils zone.
0:50 of 1st period - Brian McGrattan is hit by Chris Mcallister.
0:56 of 1st period - Slapshot by Michael Del Zotto.
0:56 of 1st period - Shot Blocked by Jonathan Ericsson.
1:02 of 1st period - Michael Del Zotto is hit by Chris Mcallister and loses puck.
1:07 of 1st period - Snap shot by Travis Zajac.
1:07 of 1st period - Deflect By Marcus Kruger.
1:07 of 1st period - Stopped by Maxime Daigneault without a rebound.
1:08 of 1st period - Jordan Nolan wins face-off versus Anton Lander in Devils zone.
1:27 of 1st period - Jeff Woywitka is hit by Eric Tangradi and loses puck.
2:02 of 1st period - Snap shot by Travis Zajac.
2:02 of 1st period - Shot Blocked by Tyler Ennis.
2:04 of 1st period - Slapshot by Nathan Beaulieu.
2:04 of 1st period - Stopped by Maxime Daigneault without a rebound.
2:05 of 1st period - Marcus Kruger wins face-off versus Aleksander Barkov in Devils zone.
2:08 of 1st period - Wrist shot by Marcus Kruger.
2:08 of 1st period - Stopped by Maxime Daigneault with a rebound.
2:10 of 1st period - Slapshot by Jonathan Ericsson.
2:10 of 1st period - Shot Blocked by Mark Fistric.
2:12 of 1st period - Snap shot by Chris Mcallister.
2:12 of 1st period - Stopped by Maxime Daigneault without a rebound.
2:13 of 1st period - Jeff Carter wins face-off versus Aleksander Barkov in Devils zone.
2:21 of 1st period - Icing by Mark Fistric.
2:22 of 1st period - Jeff Carter wins face-off versus Aleksander Barkov in Devils zone.
2:58 of 1st period - Slapshot by Niclas Bergfors.
2:58 of 1st period - Stopped by Maxime Daigneault without a rebound.
2:59 of 1st period - Jamie Arniel wins face-off versus Jordan Nolan in Devils zone.
3:08 of 1st period - Snap shot by Jonathan Huberdeau.
3:08 of 1st period - Stopped by Ilya Sorokin with a rebound.
3:10 of 1st period - Snap shot by Brian McGrattan.
3:10 of 1st period - Shot Misses the Net.
3:24 of 1st period - Jakub Voracek is hit by Anton Lander and loses puck.
4:09 of 1st period - Snap shot by J.T. Miller.
4:09 of 1st period - Deflect By Jordan Nolan.
4:09 of 1st period - Deflect By Anton Lander.
4:09 of 1st period - Shot Misses the Net.
4:09 of 1st period - Puck is out of play.
4:10 of 1st period - Jonathan Huberdeau wins face-off versus Travis Zajac in Devils zone.
5:01 of 1st period - Nathan Beaulieu is hit by Marian Gaborik and loses puck.
5:07 of 1st period - Off-side.
5:08 of 1st period - Jeff Carter wins face-off versus Jamie Arniel in neutral zone.
5:43 of 1st period - Snap shot by Nazem Kadri.
5:43 of 1st period - Shot Misses the Net.
5:45 of 1st period - Snap shot by Thomas Hickey.
5:45 of 1st period - Shot Blocked by Matt Smaby.
5:47 of 1st period - Slapshot by Thomas Hickey.
5:47 of 1st period - Stopped by Ilya Sorokin with a rebound.
6:17 of 1st period - Jacob Trouba is hit by Anton Stralman and loses puck.
6:46 of 1st period - Anton Stralman is hit by Jonathan Ericsson and loses puck.
7:03 of 1st period - Tyler Ennis is hit by Travis Zajac.
7:09 of 1st period - Wrist shot by Tyler Ennis.
7:09 of 1st period - Shot Blocked by Matt Smaby.
7:19 of 1st period - Wrist shot by Jordan Nolan.
7:19 of 1st period - Deflect By Michael Del Zotto.
7:19 of 1st period - Stopped by Maxime Daigneault with a rebound.
7:21 of 1st period - Snap shot by Jordan Nolan.
7:21 of 1st period - Shot Blocked by Michael Del Zotto.
7:23 of 1st period - Wrist shot by Nathan Beaulieu.
7:23 of 1st period - Stopped by Maxime Daigneault with a rebound.
7:25 of 1st period - Slapshot by Nathan Beaulieu.
7:25 of 1st period - Deflect By Jordan Nolan.
7:25 of 1st period - Stopped by Maxime Daigneault with a rebound.
7:49 of 1st period - Snap shot by Eric Tangradi.
7:49 of 1st period - Shot Misses the Net.
8:12 of 1st period - Jeff Woywitka is hit by Chris Stewart.
8:44 of 1st period - Backhand shot by Jordan Nolan.
8:44 of 1st period - Shot Blocked by Mark Fistric.
8:46 of 1st period - Slapshot by Matt Smaby.
8:46 of 1st period - Shot Misses the Net.
8:48 of 1st period - Slapshot by Matt Smaby.
8:48 of 1st period - Stopped by Maxime Daigneault with a rebound.
8:54 of 1st period - Jordan Nolan is hit by Jamie Arniel and loses puck.
9:07 of 1st period - Tyler Ennis is hit by Nathan Beaulieu and loses puck.
9:29 of 1st period - Niclas Bergfors is hit by Marian Gaborik and loses puck.
9:40 of 1st period - Wrist shot by Drew Miller.
9:40 of 1st period - Stopped by Maxime Daigneault without a rebound.
9:41 of 1st period - Jordan Nolan wins face-off versus Brian McGrattan in Devils zone.
9:50 of 1st period - Brian McGrattan is hit by J.T. Miller.
9:58 of 1st period - Snap shot by Jakub Voracek.
9:58 of 1st period - Stopped by Maxime Daigneault with a rebound.
10:18 of 1st period - Snap shot by Marian Gaborik.
10:18 of 1st period - Stopped by Ilya Sorokin with a rebound.
10:26 of 1st period - Wrist shot by Marian Gaborik.
10:26 of 1st period - Stopped by Ilya Sorokin with a rebound.
10:28 of 1st period - Snap shot by Aleksander Barkov.
10:28 of 1st period - Deflect By Zach Parise.
10:28 of 1st period - Shot Blocked by Jeff Woywitka.
10:28 of 1st period - Puck is out of play.
10:29 of 1st period - Jeff Carter wins face-off versus Nazem Kadri in Flyers zone.
10:58 of 1st period - Snap shot by Jonathan Huberdeau.
10:58 of 1st period - Stopped by Ilya Sorokin without a rebound.
10:59 of 1st period - Jamie Arniel wins face-off versus Travis Zajac in Flyers zone.
11:00 of 1st period - Snap shot by Jonathan Huberdeau.
11:00 of 1st period - Shot Blocked by Jacob Trouba.
11:46 of 1st period - Jonathan Ericsson is hit by Nazem Kadri and loses puck.
11:57 of 1st period - Matt Donovan is hit by Niclas Bergfors and loses puck.
13:51 of 1st period - Snap shot by Travis Zajac.
13:51 of 1st period - Shot Misses the Net.
14:52 of 1st period - Off-side.
14:53 of 1st period - Jordan Nolan wins face-off versus Miikka Salomaki in neutral zone.
15:05 of 1st period - Snap shot by Jordan Nolan.
15:05 of 1st period - Deflect By J.T. Miller.
15:05 of 1st period - Shot Hit the Post.
15:05 of 1st period - Puck is out of play.
15:06 of 1st period - Jordan Nolan wins face-off versus Nazem Kadri in Devils zone.
15:07 of 1st period - Snap shot by Jakub Voracek.
15:07 of 1st period - Shot Misses the Net.
15:09 of 1st period - Wrist shot by J.T. Miller.
15:09 of 1st period - Shot Misses the Net.
15:11 of 1st period - Snap shot by Jordan Nolan.
15:11 of 1st period - Shot Misses the Net.
15:13 of 1st period - Slapshot by Jeff Woywitka.
15:13 of 1st period - Shot Blocked by Mark Fistric.
15:15 of 1st period - Snap shot by Jacob Trouba.
15:15 of 1st period - Shot Blocked by Mark Fistric.
15:17 of 1st period - Snap shot by J.T. Miller.
15:17 of 1st period - Stopped by Maxime Daigneault with a rebound.
15:19 of 1st period - Wrist shot by Jakub Voracek.
15:19 of 1st period - Stopped by Maxime Daigneault with a rebound.
15:21 of 1st period - Slapshot by Jacob Trouba.
15:21 of 1st period - Stopped by Maxime Daigneault without a rebound.
15:22 of 1st period - Aleksander Barkov wins face-off versus Jeff Carter in Devils zone.
16:11 of 1st period - Wrist shot by Chris Mcallister.
16:11 of 1st period - Stopped by Maxime Daigneault without a rebound.
16:12 of 1st period - Travis Zajac wins face-off versus Jamie Arniel in Devils zone.
16:17 of 1st period - Snap shot by Travis Zajac.
16:17 of 1st period - Shot Misses the Net.
16:19 of 1st period - Snap shot by Travis Zajac.
16:19 of 1st period - Stopped by Maxime Daigneault with a rebound.
16:21 of 1st period - Slapshot by Nathan Beaulieu.
16:21 of 1st period - Deflect By Michael Del Zotto.
16:21 of 1st period - Stopped by Maxime Daigneault without a rebound.
16:22 of 1st period - Jordan Nolan wins face-off versus Aleksander Barkov in Devils zone.
16:51 of 1st period - Snap shot by Drew Miller.
16:51 of 1st period - Stopped by Maxime Daigneault without a rebound.
16:52 of 1st period - Jeff Carter wins face-off versus Nazem Kadri in Devils zone.
17:58 of 1st period - Nazem Kadri is hit by Nathan Beaulieu.
18:19 of 1st period - Minor Penalty to Nazem Kadri for Interference.
18:20 of 1st period - Jordan Nolan wins face-off versus Jamie Arniel in Devils zone.
19:08 of 1st period - Snap shot by Anton Lander.
19:08 of 1st period - Stopped by Ilya Sorokin with a rebound.
19:15 of 1st period - Off-side.
19:16 of 1st period - Drew Miller wins face-off versus Jamie Arniel in neutral zone.
Goals for this period are 0 for Devils vs 0 for Flyers.
Shots for this period are 6 for Devils vs 19 for Flyers.
2nd period
0:01 of 2nd period - Jordan Nolan wins face-off versus Jamie Arniel in neutral zone.
0:19 of 2nd period - Penalty to Nazem Kadri is over, Nazem Kadri is back on ice.
0:32 of 2nd period - Snap shot by Marcus Kruger.
0:32 of 2nd period - Shot Hit the Post.
0:34 of 2nd period - Slapshot by Jeff Woywitka.
0:34 of 2nd period - Stopped by Maxime Daigneault with a rebound.
0:36 of 2nd period - Slapshot by Chris Mcallister.
0:36 of 2nd period - Goal by Chris Mcallister - Devils : 0 - Flyers : 1.
0:37 of 2nd period - Aleksander Barkov wins face-off versus Jordan Nolan in neutral zone.
0:43 of 2nd period - Snap shot by Marian Gaborik.
0:43 of 2nd period - Deflect By Zach Parise.
0:43 of 2nd period - Shot Misses the Net.
0:43 of 2nd period - Puck is out of play.
0:44 of 2nd period - Jordan Nolan wins face-off versus Aleksander Barkov in Flyers zone.
0:49 of 2nd period - Snap shot by Jakub Voracek.
0:49 of 2nd period - Stopped by Maxime Daigneault with a rebound.
0:57 of 2nd period - Snap shot by Michael Del Zotto.
0:57 of 2nd period - Shot Misses the Net.
0:59 of 2nd period - Wrist shot by Zach Parise.
0:59 of 2nd period - Shot Misses the Net.
1:01 of 2nd period - Slapshot by Mark Fistric.
1:01 of 2nd period - Shot Misses the Net.
1:03 of 2nd period - Slapshot by Mark Fistric.
1:03 of 2nd period - Deflect By Zach Parise.
1:03 of 2nd period - Shot Blocked by Jeff Woywitka.
1:03 of 2nd period - Puck is out of play.
1:04 of 2nd period - Travis Zajac wins face-off versus Jamie Arniel in Flyers zone.
1:13 of 2nd period - Wrist shot by Brian McGrattan.
1:13 of 2nd period - Stopped by Ilya Sorokin with a rebound.
1:15 of 2nd period - Slapshot by Thomas Hickey.
1:15 of 2nd period - Deflect By Brian McGrattan.
1:15 of 2nd period - Stopped by Ilya Sorokin with a rebound.
1:17 of 2nd period - Slapshot by Matt Donovan.
1:17 of 2nd period - Stopped by Ilya Sorokin without a rebound.
1:18 of 2nd period - Jordan Nolan wins face-off versus Aleksander Barkov in Flyers zone.
1:20 of 2nd period - Minor Penalty to Jakub Voracek for Interference.
1:21 of 2nd period - J.T. Miller wins face-off versus Nazem Kadri in Flyers zone.
1:53 of 2nd period - Aleksander Barkov is hit by J.T. Miller and loses puck.
2:10 of 2nd period - Wrist shot by Jordan Nolan.
2:10 of 2nd period - Stopped by Maxime Daigneault with a rebound.
2:12 of 2nd period - Slapshot by Jacob Trouba.
2:12 of 2nd period - Stopped by Maxime Daigneault without a rebound.
2:13 of 2nd period - Nazem Kadri wins face-off versus Jeff Carter in Devils zone.
2:18 of 2nd period - Slapshot by Kristopher Letang.
2:18 of 2nd period - Shot Blocked by Nathan Beaulieu.
2:20 of 2nd period - Slapshot by Michael Del Zotto.
2:20 of 2nd period - Shot Blocked by Nathan Beaulieu.
2:22 of 2nd period - Slapshot by Chris Stewart.
2:22 of 2nd period - Stopped by Ilya Sorokin without a rebound.
2:23 of 2nd period - Nazem Kadri wins face-off versus Jeff Carter in Flyers zone.
2:26 of 2nd period - Slapshot by Nazem Kadri.
2:26 of 2nd period - Goal by Nazem Kadri - Devils : 1 - Flyers : 1.
2:27 of 2nd period - J.T. Miller wins face-off versus Jamie Arniel in neutral zone.
2:35 of 2nd period - Mark Fistric is hit by Jordan Nolan.
2:44 of 2nd period - Off-side.
2:45 of 2nd period - Jeff Carter wins face-off versus Aleksander Barkov in neutral zone.
3:01 of 2nd period - Snap shot by Zach Parise.
3:01 of 2nd period - Shot Blocked by Jeff Woywitka.
3:45 of 2nd period - Snap shot by Jakub Voracek.
3:45 of 2nd period - Shot Misses the Net.
3:47 of 2nd period - Slapshot by Jeff Woywitka.
3:47 of 2nd period - Shot Blocked by Anton Stralman.
3:49 of 2nd period - Wrist shot by Jordan Nolan.
3:49 of 2nd period - Goal by Jordan Nolan - Devils : 1 - Flyers : 2.
3:50 of 2nd period - Aleksander Barkov wins face-off versus Travis Zajac in neutral zone.
3:53 of 2nd period - Slapshot by Michael Del Zotto.
3:53 of 2nd period - Shot Misses the Net.
4:46 of 2nd period - Slapshot by Michael Del Zotto.
4:46 of 2nd period - Deflect By Jamie Arniel.
4:46 of 2nd period - Shot Blocked by Brian Lashoff.
4:46 of 2nd period - Puck is out of play.
4:47 of 2nd period - Matthew Lombardi wins face-off versus Jamie Arniel in Flyers zone.
5:26 of 2nd period - Thomas Hickey is hit by Matt Smaby and loses puck.
5:44 of 2nd period - Snap shot by Nathan Beaulieu.
5:44 of 2nd period - Shot Misses the Net.
5:46 of 2nd period - Snap shot by Matthew Lombardi.
5:46 of 2nd period - Stopped by Maxime Daigneault without a rebound.
5:47 of 2nd period - Jordan Nolan wins face-off versus Aleksander Barkov in Devils zone.
5:50 of 2nd period - Wrist shot by J.T. Miller.
5:50 of 2nd period - Shot Blocked by Kristopher Letang.
5:52 of 2nd period - Wrist shot by J.T. Miller.
5:52 of 2nd period - Stopped by Maxime Daigneault without a rebound.
5:53 of 2nd period - Jordan Nolan wins face-off versus Aleksander Barkov in Devils zone.
6:10 of 2nd period - Slapshot by J.T. Miller.
6:10 of 2nd period - Shot Misses the Net.
6:27 of 2nd period - Wrist shot by Tyler Ennis.
6:27 of 2nd period - Shot Blocked by Jacob Trouba.
6:29 of 2nd period - Slapshot by Chris Stewart.
6:29 of 2nd period - Deflect By Tyler Ennis.
6:29 of 2nd period - Deflect By Niclas Bergfors.
6:29 of 2nd period - Stopped by Ilya Sorokin with a rebound.
6:31 of 2nd period - Snap shot by Chris Stewart.
6:31 of 2nd period - Shot Misses the Net.
6:33 of 2nd period - Snap shot by Nazem Kadri.
6:33 of 2nd period - Shot Misses the Net.
7:20 of 2nd period - Snap shot by Aleksander Barkov.
7:20 of 2nd period - Shot Misses the Net.
7:47 of 2nd period - Backhand shot by Tyler Ennis.
7:47 of 2nd period - Shot Misses the Net.
8:09 of 2nd period - Jeff Carter is hit by Anton Stralman and loses puck.
9:50 of 2nd period - Thomas Hickey is hit by Tyler Randell.
9:54 of 2nd period - Snap shot by Brock Nelson.
9:54 of 2nd period - Shot Misses the Net.
9:56 of 2nd period - Slapshot by Jacob Trouba.
9:56 of 2nd period - Shot Misses the Net.
10:17 of 2nd period - Matt Donovan is hit by Brian Lashoff and loses puck.
11:05 of 2nd period - Icing by Michael Del Zotto.
11:06 of 2nd period - Jamie Arniel wins face-off versus Jordan Nolan in Devils zone.
11:40 of 2nd period - Slapshot by Jonathan Huberdeau.
11:40 of 2nd period - Stopped by Ilya Sorokin with a rebound.
11:42 of 2nd period - Wrist shot by Brian McGrattan.
11:42 of 2nd period - Stopped by Ilya Sorokin without a rebound.
11:43 of 2nd period - Travis Zajac wins face-off versus Aleksander Barkov in Flyers zone.
11:43 of 2nd period - Travis Zajac is hit by Kristopher Letang.
12:09 of 2nd period - Nathan Beaulieu is hit by Kristopher Letang and loses puck.
12:35 of 2nd period - Snap shot by Chris Stewart.
12:35 of 2nd period - Stopped by Ilya Sorokin with a rebound.
12:37 of 2nd period - Snap shot by Miikka Salomaki.
12:37 of 2nd period - Deflect By Eric Tangradi.
12:37 of 2nd period - Stopped by Ilya Sorokin without a rebound.
12:38 of 2nd period - Niclas Bergfors wins face-off versus Anton Lander in Flyers zone.
13:05 of 2nd period - Niclas Bergfors is hit by Eric Tangradi and loses puck.
13:20 of 2nd period - Wrist shot by Jeff Carter.
13:20 of 2nd period - Stopped by Maxime Daigneault with a rebound.
13:28 of 2nd period - Wrist shot by Eric Tangradi.
13:28 of 2nd period - Shot Misses the Net.
13:30 of 2nd period - Wrist shot by Eric Tangradi.
13:30 of 2nd period - Shot Blocked by Niclas Bergfors.
14:00 of 2nd period - Wrist shot by Jeff Carter.
14:00 of 2nd period - Shot Misses the Net.
14:02 of 2nd period - Snap shot by Niclas Bergfors.
14:02 of 2nd period - Shot Misses the Net.
14:04 of 2nd period - Snap shot by Drew Miller.
14:04 of 2nd period - Stopped by Maxime Daigneault without a rebound.
14:05 of 2nd period - Jordan Nolan wins face-off versus Aleksander Barkov in Devils zone.
14:36 of 2nd period - Chris Stewart is hit by Chris Mcallister and loses puck.
15:06 of 2nd period - Slapshot by Mark Fistric.
15:06 of 2nd period - Shot Blocked by Travis Zajac.
15:42 of 2nd period - Snap shot by Tyler Ennis.
15:42 of 2nd period - Stopped by Ilya Sorokin without a rebound.
15:43 of 2nd period - Aleksander Barkov wins face-off versus Jordan Nolan in Flyers zone.
16:15 of 2nd period - Wrist shot by Brock Nelson.
16:15 of 2nd period - Goal by Brock Nelson - Devils : 1 - Flyers : 3.
16:16 of 2nd period - Jordan Nolan wins face-off versus Marian Gaborik in neutral zone.
16:26 of 2nd period - Icing by Thomas Hickey.
16:27 of 2nd period - Jordan Nolan wins face-off versus Marian Gaborik in Devils zone.
16:31 of 2nd period - Icing by Marian Gaborik.
16:32 of 2nd period - Aleksander Barkov wins face-off versus Jordan Nolan in Devils zone.
17:00 of 2nd period - Snap shot by Zach Parise.
17:00 of 2nd period - Shot Misses the Net.
17:02 of 2nd period - Slapshot by Matt Donovan.
17:02 of 2nd period - Stopped by Ilya Sorokin with a rebound.
17:04 of 2nd period - Wrist shot by Aleksander Barkov.
17:04 of 2nd period - Stopped by Ilya Sorokin with a rebound.
17:06 of 2nd period - Slapshot by Thomas Hickey.
17:06 of 2nd period - Deflect By Marian Gaborik.
17:06 of 2nd period - Stopped by Ilya Sorokin without a rebound.
17:07 of 2nd period - Jeff Carter wins face-off versus Brian McGrattan in Flyers zone.
17:16 of 2nd period - Anton Stralman is hit by Jeff Carter and loses puck.
17:46 of 2nd period - Off-side.
17:47 of 2nd period - Jordan Nolan wins face-off versus Anton Lander in neutral zone.
18:02 of 2nd period - Wrist shot by J.T. Miller.
18:02 of 2nd period - Stopped by Maxime Daigneault with a rebound.
18:14 of 2nd period - Zach Parise is hit by Jeff Carter and loses puck.
18:19 of 2nd period - Wrist shot by Drew Miller.
18:19 of 2nd period - Stopped by Maxime Daigneault with a rebound.
19:51 of 2nd period - Snap shot by Aleksander Barkov.
19:51 of 2nd period - Shot Misses the Net.
Goals for this period are 1 for Devils vs 3 for Flyers.
Shots for this period are 14 for Devils vs 13 for Flyers.
3rd period
0:01 of 3rd period - Brian McGrattan wins face-off versus Jordan Nolan in neutral zone.
0:16 of 3rd period - Slapshot by Brian McGrattan.
0:16 of 3rd period - Deflect By Jakub Voracek.
0:16 of 3rd period - Shot Misses the Net.
0:16 of 3rd period - Puck is out of play.
0:17 of 3rd period - Niclas Bergfors wins face-off versus Aleksander Barkov in Flyers zone.
0:23 of 3rd period - Off-side.
0:24 of 3rd period - Aleksander Barkov wins face-off versus Jeff Carter in neutral zone.
1:17 of 3rd period - Slapshot by Michael Del Zotto.
1:17 of 3rd period - Shot Blocked by Jeff Woywitka.
1:19 of 3rd period - Slapshot by Kristopher Letang.
1:19 of 3rd period - Shot Misses the Net.
1:21 of 3rd period - Slapshot by Kristopher Letang.
1:21 of 3rd period - Stopped by Ilya Sorokin with a rebound.
1:23 of 3rd period - Wrist shot by Zach Parise.
1:23 of 3rd period - Stopped by Ilya Sorokin without a rebound.
1:24 of 3rd period - Jordan Nolan wins face-off versus Jamie Arniel in Flyers zone.
1:54 of 3rd period - Snap shot by Brock Nelson.
1:54 of 3rd period - Shot Misses the Net.
2:22 of 3rd period - Snap shot by Travis Zajac.
2:22 of 3rd period - Shot Blocked by Eric Tangradi.
3:43 of 3rd period - Tyler Ennis is hit by J.T. Miller.
4:15 of 3rd period - Minor Penalty to Aleksander Barkov for Tripping.
4:16 of 3rd period - Jordan Nolan wins face-off versus Jamie Arniel in Devils zone.
4:31 of 3rd period - Snap shot by Jordan Nolan.
4:31 of 3rd period - Deflect By Jakub Voracek.
4:31 of 3rd period - Shot Misses the Net.
4:31 of 3rd period - Puck is out of play.
4:32 of 3rd period - Jamie Arniel wins face-off versus Jordan Nolan in Devils zone.
5:43 of 3rd period - Snap shot by Drew Miller.
5:43 of 3rd period - Shot Blocked by Thomas Hickey.
5:45 of 3rd period - Snap shot by Drew Miller.
5:45 of 3rd period - Shot Blocked by Matt Donovan.
5:53 of 3rd period - Snap shot by Drew Miller.
5:53 of 3rd period - Shot Blocked by Anton Lander.
5:55 of 3rd period - Slapshot by Nathan Beaulieu.
5:55 of 3rd period - Stopped by Maxime Daigneault without a rebound.
5:56 of 3rd period - Jamie Arniel wins face-off versus Jordan Nolan in Devils zone.
6:15 of 3rd period - Penalty to Aleksander Barkov is over, Aleksander Barkov is back on ice.
6:48 of 3rd period - Icing by Eric Tangradi.
6:49 of 3rd period - Jordan Nolan wins face-off versus Anton Lander in Devils zone.
9:06 of 3rd period - Wrist shot by Jamie Arniel.
9:06 of 3rd period - Shot Misses the Net.
9:08 of 3rd period - Snap shot by Jonathan Huberdeau.
9:08 of 3rd period - Shot Misses the Net.
9:45 of 3rd period - Matt Donovan is hit by J.T. Miller and loses puck.
10:13 of 3rd period - Snap shot by Nazem Kadri.
10:13 of 3rd period - Shot Misses the Net.
10:25 of 3rd period - Minor Penalty to Chris Mcallister for Roughing.
10:26 of 3rd period - Nazem Kadri wins face-off versus J.T. Miller in Flyers zone.
10:27 of 3rd period - Snap shot by Tyler Ennis.
10:27 of 3rd period - Shot Misses the Net.
10:59 of 3rd period - Snap shot by Michael Del Zotto.
10:59 of 3rd period - Stopped by Ilya Sorokin without a rebound.
11:00 of 3rd period - J.T. Miller wins face-off versus Aleksander Barkov in Flyers zone.
11:00 of 3rd period - J.T. Miller is hit by Anton Stralman.
12:25 of 3rd period - Penalty to Chris Mcallister is over, Chris Mcallister is back on ice.
12:31 of 3rd period - Jonathan Huberdeau is hit by Nathan Beaulieu and loses puck.
12:52 of 3rd period - Snap shot by Drew Miller.
12:52 of 3rd period - Stopped by Maxime Daigneault with a rebound.
13:40 of 3rd period - Double Minor Penalty to Jakub Voracek for Slashing.
13:41 of 3rd period - J.T. Miller wins face-off versus Nazem Kadri in Flyers zone.
16:26 of 3rd period - Nathan Beaulieu is hit by Zach Parise and loses puck.
17:40 of 3rd period - Penalty to Jakub Voracek is over, Jakub Voracek is back on ice.
Goals for this period are 0 for Devils vs 0 for Flyers.
Shots for this period are 3 for Devils vs 2 for Flyers.